[Event "Betsys MČR v online bleskovém šachu 2021"]
[Site "Chess.com"]
[Date "2021.04.17"]
[Round "12"]
[White "KajaOl"]
[Black "JustFilip05"]
[Result "1-0"]
[WhiteElo "2259"]
[BlackElo "2115"]
[TimeControl "180+1"]
[EndTime "11:00:31 PDT"]
[Termination "Uživatel KajaOl zvítězil po vzdání soupeře"]

1. e4 e5 2. Nf3 Nc6 3. Bc4 Nf6 4. d3 h6 5. Nbd2 Be7 6. c3 d6 7. Bb3 Be6 8. Bc2 g5 9. d4 Bg4 10. h3 Bh5 11. dxe5 Nxe5 12. Qe2 Qd7 13. Nc4 Bxf3 14. gxf3 Nxc4 15. Qxc4 O-O-O 16. Be3 a6 17. O-O-O Qe6 18. Bb3 Qxc4 19. Bxc4 Rhf8 20. h4 Nd7 21. hxg5 hxg5 22.
f4 f5 23. exf5 Rxf5 24. Be6 Ra5 25. fxg5 Bxg5 26. Bxg5 Rxg5 27. Rh7 Re5 28. Bh3 Re4 29. Rg1 b5 30. Rxd7 Rxd7 31. Rg8+ Kb7 32. Bxd7 Re1+ 33.
Kd2 Rb1 34. Kc2 Re1 35. Rf8 Re7 36. Bg4 1-0

[Event "Betsys MČR v online bleskovém šachu 2021"]
[Site "Chess.com"]
[Date "2021.04.17"]
[Round "12"]
[White "Qb1xh8"]
[Black "milanpetras"]
[Result "0-1"]
[WhiteElo "2033"]
[BlackElo "1859"]
[TimeControl "180+1"]
[EndTime "11:00:32 PDT"]
[Termination "Uživatel milanpetras zvítězil na čas"]

1. c4 e5 2. Nc3 c5 3. e3 Nc6 4. Nf3 d6 5. d4 cxd4 6. exd4 Bg4 7. dxe5 dxe5 8. Qa4 Bxf3 9. gxf3 Nf6 10. Be3 Be7 11. Rd1 Qc8 12. Rg1 O-O 13. Bh6 Ne8 14. Nd5 Kh8 15. Be3 Bf6 16. Rg3 Nd4 17. Bh3 Qc6 18. Qxc6 Nxc6 19. Bd7 Bd8 20. Bc5 Rg8 21. Kf1 Nf6 22.
Bxc6 bxc6 23. Ne7 Re8 24. Nxc6 Bb6 0-1

[Event "Betsys MČR v online bleskovém šachu 2021"]
[Site "Chess.com"]
[Date "2021.04.17"]
[Round "12"]
[White "Soural_J"]
[Black "koky_3"]
[Result "1-0"]
[WhiteElo "2200"]
[BlackElo "2043"]
[TimeControl "180+1"]
[EndTime "11:00:36 PDT"]
[Termination "Uživatel Soural_J zvítězil po vzdání soupeře"]

1. Nf3 d5 2. c4 e6 3. g3 c6 4.
Bg2 f5 5. O-O Nf6 6. b3 Be7 7.
Bb2 O-O 8. d3 Bd7 9. Nbd2 Be8 10.
Ne5 Nbd7 11. Ndf3 Bh5 12. Qc2 Bxf3 13. exf3 Nxe5 14. Bxe5 Bd6 15. f4 Bxe5 16. fxe5 Ng4 17. Qe2 Qc7 18. Rfe1 Rad8 19. h3 Nh6 20. f4 Qb6+ 21.
Qf2 Qxf2+ 22. Kxf2 d4 23. c5 Kf7 24. Rec1 Ke7 25.
Rc4 Rd7 26. Ra4 a6 27. Rc4 Nf7 28. b4 Nh8 29. a4 Rc8 30. Rb1 Ng6 31. b5 axb5 32.
axb5 h5 33. h4 Nh8 34. Rbb4 cxb5 35. Rxb5 Rcc7 36. Rb6 Nf7 37. Ke2 Nd8 38. Kd2 Nc6 39.
Bxc6 Rxc6 40. Rxc6 bxc6 41. Ra4 Rb7 42. Kc2 Kd7 43. Rxd4+ Ke7 44. Ra4 Kd7 45. Ra8 Rb5 46. d4 Rb4 47. Kc3 Rb1 48. Rg8 Rc1+ 49. Kd2 Ra1 50.
Rxg7+ 1-0

[Event "Betsys MČR v online bleskovém šachu 2021"]
[Site "Chess.com"]
[Date "2021.04.17"]
[Round "12"]
[White "YawningBagel"]
[Black "MBorkovec"]
[Result "0-1"]
[WhiteElo "1997"]
[BlackElo "2295"]
[TimeControl "180+1"]
[EndTime "11:00:37 PDT"]
[Termination "Uživatel MBorkovec zvítězil na čas"]

1. d4 Nf6 2. c4 g6 3. Nc3 Bg7 4. e4 O-O 5. Nf3 d6 6. Bg5 Na6 7. Be2 e5 8. d5 c6 9. O-O cxd5 10. Nxd5 Be6 11. Nxf6+ Bxf6 12. Bxf6 Qxf6 13. Qd2 Rfd8 14. b3 Nc5 15. Bd3 Bg4 16. Ne1 Bd7 17. Nc2 Bc6 18. f3 Ne6 19. Ne3 Nf4 20. g3 Ne6 21. Rac1 Nd4 22. Be2 a5 23. Nd5 Bxd5 24. exd5 Qe7 25.
Bd3 f5 26. f4 e4 27. Be2 Nxe2+ 28. Qxe2 Qf6 29. Qe3 Qb2 30. Rf2 Qf6 31. Qc3 Qxc3 32. Rxc3 b6 33. Re2 Kf7 34. Kf2 Kf6 35. Ke3 h6 36. a3 g5 37. Rcc2 Rg8 38. Rg2 Rg7 39. h4 Rag8 40. hxg5+ hxg5 41. fxg5+ Ke5 42. g4 Rxg5 43. Rcf2 Rxg4 44. Rxg4 Rxg4 45. Rh2 f4+ 46. Kd2 Kd4 47. Rh6 Rg2+ 48. Kd1 Kd3 49. Kc1 e3 0-1

[Event "Betsys MČR v online bleskovém šachu 2021"]
[Site "Chess.com"]
[Date "2021.04.17"]
[Round "12"]
[White "Zavurka1975"]
[Black "Drak1961"]
[Result "1/2-1/2"]
[WhiteElo "2194"]
[BlackElo "2081"]
[TimeControl "180+1"]
[EndTime "11:00:37 PDT"]
[Termination "Remíza opakováním pozice"]

1. d4 Nf6 2. Nf3 g6 3. Bf4 Bg7 4. e3 d6 5. h3 O-O 6. Be2 Nbd7 7. O-O b6 8. c3 Bb7 9. a4 a6 10. Na3 c6 11. Qb3 Rb8 12. Rfe1 b5 13. axb5 cxb5 14. Nd2 Bd5 15. Qc2 Qc7 16. Bf3 Rfc8 17. Bxd5 Nxd5 18. Bg3 b4 19. Nac4 bxc3 20. bxc3 Ra8 21. Rec1 a5 22. Qa2 N5b6 23. Nxb6 Qxb6 24. Rab1 Qc6 25.
c4 a4 26. Rb2 e5 27. dxe5 Nxe5 28. Bxe5 Bxe5 29. Rbc2 a3 30. Nf3 Bb2 31. Rd1 Qe4 32. Nd4 h5 33. Qb3 Rcb8 34. Qa2 Rc8 35. Kf1 Rcb8 36.
Kg1 Rc8 1/2-1/2

[Event "Betsys MČR v online bleskovém šachu 2021"]
[Site "Chess.com"]
[Date "2021.04.17"]
[Round "12"]
[White "Bolavey_Kotnik"]
[Black "TheRigos"]
[Result "0-1"]
[WhiteElo "2361"]
[BlackElo "2560"]
[TimeControl "180+1"]
[EndTime "11:00:38 PDT"]
[Termination "Uživatel TheRigos zvítězil po vzdání soupeře"]

1. e4 g6 2. Nc3 Bg7 3. f4 c5 4. Nf3 Nc6 5. Bb5 Nd4 6. a4 a6 7. Be2 e6 8. O-O Ne7 9. d3 O-O 10. Kh1 Rb8 11. a5 d6 12. Be3 Nec6 13. e5 dxe5 14.
fxe5 Nxe5 15. Ne4 Nd7 16. c3 Nxf3 17. Bxf3 Qe7 18. Qe1 h6 19. Qf2 f5 20. Bxc5 Nxc5 21.
Nxc5 e5 22. Rae1 Kh7 23. d4 e4 24. Qg3 Be6 25. Be2 Bg8 26. h3 Bf6 27. Qf2 Bh4 28. g3 Bg5 29. h4 Bd5 30. Kh2 Bf6 31. Qe3 Rbd8 32. Bf3 Qc7 33. Bg2 Bxh4 34. b3 Bg5 35.
Qf2 f4 36. gxf4 Rxf4 37. Qg3 Rh4+ 38. Bh3 Bf4 39. Rf3 Bxg3+ 0-1

[Event "Betsys MČR v online bleskovém šachu 2021"]
[Site "Chess.com"]
[Date "2021.04.17"]
[Round "12"]
[White "Berzeger"]
[Black "sharpi5135"]
[Result "0-1"]
[WhiteElo "997"]
[BlackElo "762"]
[TimeControl "180+1"]
[EndTime "11:00:39 PDT"]
[Termination "Uživatel sharpi5135 zvítězil matem"]

1. e4 c5 2. Nf3 Nc6 3. d4 cxd4 4. Nxd4 Nxd4 5. Qxd4 d6 6. Nc3 Nf6 7. Bb5+ Bd7 8. Bxd7+ Qxd7 9. O-O e5 10. Qd3 Be7 11. Bg5 O-O 12. Qg3 Nh5 13. Qh4 Nf4 14. Bxf4 Bxh4 15. Nd5 exf4 16. Nxf4 Bg5 17. Nh3 Bf6 18. c3 d5 19. Rad1 Rad8 20. Rxd5 Qxd5 21. exd5 Rxd5 22. Nf4 Rd2 23. Rb1 Rfd8 24. h3 Rd1+ 25. Rxd1 Rxd1+ 26. Kh2 Be5 27. g3 Bxf4 28. gxf4 Rd2 29.
b4 Rxa2 30. Kg3 Rc2 31. Kf3 Rxc3+ 32. Ke4 Rc4+ 33. Kd3 Rxb4 34. Kc3 Rxf4 35. Kd3 Rf3+ 36. Ke2 Rxh3 37. f4 Ra3 38. Kf2 f5 39. Ke2 g6 40.
Kf2 h6 41. Kg2 g5 42. Kf2 g4 43.
Kg2 h5 44. Kh2 h4 45. Kg2 h3+ 46. Kh2 Ra2+ 47. Kg1 g3 48. Kh1 Ra1# 0-1

[Event "Betsys MČR v online bleskovém šachu 2021"]
[Site "Chess.com"]
[Date "2021.04.17"]
[Round "12"]
[White "AdeeJa"]
[Black "JIDEMONI"]
[Result "0-1"]
[WhiteElo "1642"]
[BlackElo "1881"]
[TimeControl "180+1"]
[EndTime "11:00:41 PDT"]
[Termination "Uživatel JIDEMONI zvítězil na čas"]

1. e4 e6 2. d4 d5 3. Nd2 c5 4.
c3 Nf6 5. e5 Nfd7 6. f4 Nc6 7.
Ngf3 Qb6 8. Nb3 cxd4 9. Nbxd4 Nxd4 10. Nxd4 f6 11. Qh5+ g6 12. Qh3 f5 13. g4 fxg4 14.
Qxg4 Bg7 15. Nxe6 Kf7 16. Nxg7 Kxg7 17. Qf3 Rd8 18. h4 Nf8 19. h5 Bf5 20. Qg3 Ne6 21.
hxg6 hxg6 22. Qh4 Nf8 23. Qe7+ Kg8 24. Bd2 Rd7 25. Qh4 Rh7 26. Qxh7+ Nxh7 27. c4 Qxb2 28. Rc1 d4 29. c5 Rc8 30. Bc4+ Kg7 0-1

[Event "Betsys MČR v online bleskovém šachu 2021"]
[Site "Chess.com"]
[Date "2021.04.17"]
[Round "12"]
[White "hever99"]
[Black "malviny"]
[Result "1-0"]
[WhiteElo "1940"]
[BlackElo "1197"]
[TimeControl "180+1"]
[EndTime "11:00:41 PDT"]
[Termination "Uživatel hever99 zvítězil po vzdání soupeře"]

1. e4 e5 2. Bc4 Nc6 3. Nc3 Be7 4. d3 Nf6 5. f4 O-O 6. Nf3 exf4 7. Bxf4 d6 8. O-O Bg4 9. h3 Bh5 10. Qd2 h6 11. d4 Bg6 12. Rae1 a6 13. a4 Nh5 14. Bh2 Bf6 15. g4 Bxd4+ 16. Nxd4 Nxd4 17. Qxd4 Nf6 18.
Nd5 Nd7 19. Nf4 c5 20. Qxd6 Bh7 21. Nd5 Re8 22. Rxf7 Bxe4 23. Rxd7 Qh4 24. Nf4+ Kh7 25. Rxe4 Rxe4 26. Qg6+ 1-0

[Event "Betsys MČR v online bleskovém šachu 2021"]
[Site "Chess.com"]
[Date "2021.04.17"]
[Round "12"]
[White "TheFr0zenSun"]
[Black "Countryside_58"]
[Result "0-1"]
[WhiteElo "2246"]
[BlackElo "2418"]
[TimeControl "180+1"]
[EndTime "11:00:42 PDT"]
[Termination "Uživatel Countryside_58 zvítězil po vzdání soupeře"]

1. d4 d5 2. Bf4 Nc6 3. e3 f6 4.
Nf3 Bg4 5. Be2 e5 6. dxe5 Bxf3 7. Bxf3 fxe5 8. Bg3 Nf6 9. O-O e4 10.
Be2 Bd6 11. c4 Bxg3 12. hxg3 d4 13. exd4 Qxd4 14. Nc3 O-O-O 15. Nb5 Qb6 16. Qc2 a6 17.
Nc3 Nd4 18. Qc1 Rhe8 19. Rb1 e3 20. fxe3 Nxe2+ 21. Nxe2 Rxe3 22. c5 Qe6 23. Nf4 Qe4 24.
c6 bxc6 25. Re1 Ng4 26. Qc3 Rxc3 27. Rxe4 Rc2 28. Re2 Rdd2 29. Rxd2 Rxd2 30. a3 c5 31. b3 Ra2 32. a4 c4 33. bxc4 Rxa4 34. c5 Rc4 35. Ne6 Kd7 36. Nxg7 Rxc5 37. Rd1+ Kc8 38. Ne6 Rc3 39. Nf8 h5 40. Kf1 Rxg3 41. Rd5 Ne3+ 0-1

[Event "Betsys MČR v online bleskovém šachu 2021"]
[Site "Chess.com"]
[Date "2021.04.17"]
[Round "12"]
[White "Emicka1330"]
[Black "alenka777"]
[Result "1-0"]
[WhiteElo "1550"]
[BlackElo "1280"]
[TimeControl "180+1"]
[EndTime "11:00:42 PDT"]
[Termination "Uživatel Emicka1330 zvítězil matem"]

1. e4 e5 2. d4 exd4 3. Bc4 Nc6 4.
Nf3 Nf6 5. e5 Ng4 6. Ng5 d5 7.
exd6 Be6 8. Nxe6 fxe6 9. Qxg4 Qxd6 10. Qxe6+ Qxe6+ 11. Bxe6 Bd6 12. O-O Ne7 13. Bg5 c5 14. Na3 a6 15. Nc4 Bc7 16. Rae1 Ng6 17. Bd5+ Kf8 18.
Bxb7 Re8 19. Rxe8+ Kxe8 20. Re1+ Kd7 21. Bxa6 h6 22.
Bb5+ Kc8 23. Bd2 Nf8 24. Ba5 Bxa5 25. Nxa5 Nd7 26. Bxd7+ Kxd7 27. Re5 Kd6 28. Rf5 Re8 29. h3 g5 30. Rf6+ Kd5 31. Rxh6 c4 32. Rg6 d3 33.
Rxg5+ Kd4 34. Rg4+ Kc5 35. Rxc4+ Kb5 36. cxd3 Kxa5 37. b4+ Kb5 38. a4+ Kxa4 39. h4 Kb5 40. h5 Re1+ 41. Kh2 Rd1 42. Rd4 Re1 43. g4 Re6 44. g5 Kb6 45. g6 Kc7 46. g7 Re8 47.
h6 Rg8 48. h7 Rxg7 49. h8=Q Rf7 50. Qe5+ Kb6 51. Rd6+ Kb7 52. Qd5+ Kc8 53. Qxf7 Kb8 54.
Rd8# 1-0

[Event "Betsys MČR v online bleskovém šachu 2021"]
[Site "Chess.com"]
[Date "2021.04.17"]
[Round "12"]
[White "Bavorak15"]
[Black "FaceOfLightning"]
[Result "0-1"]
[WhiteElo "1637"]
[BlackElo "1945"]
[TimeControl "180+1"]
[EndTime "11:00:44 PDT"]
[Termination "Uživatel FaceOfLightning zvítězil na čas"]

1. e4 c5 2. Nf3 e6 3. d4 cxd4 4.
Nxd4 Nc6 5. Nc3 Qc7 6. a3 a6 7. g3 Nf6 8. Bg2 Nxd4 9. Qxd4 Bc5 10. Qd3 h6 11. O-O O-O 12. e5 Qxe5 13. Bf4 Qd4 14. Qe2 d5 15. Rad1 Qc4 16. Qe5 d4 17. Bxh6 dxc3 18.
Bxg7 Kxg7 19. Qg5+ Kh7 20. Qxf6 cxb2 21. Rd3 e5 22. Kh1 Be6 23. f4 Rg8 0-1

[Event "Betsys MČR v online bleskovém šachu 2021"]
[Site "Chess.com"]
[Date "2021.04.17"]
[Round "12"]
[White "Jindrich4321"]
[Black "pepca"]
[Result "1-0"]
[WhiteElo "1932"]
[BlackElo "1549"]
[TimeControl "180+1"]
[EndTime "11:00:46 PDT"]
[Termination "Uživatel Jindrich4321 zvítězil po vzdání soupeře"]

1. d4 d5 2. Nf3 Nf6 3. Bf4 e6 4. e3 c5 5. c3 Nc6 6. Bd3 a6 7. Nbd2 b5 8. O-O b4 9. Ne5 Nxe5 10. dxe5 Nd7 11. Bg3 Qc7 12. f4 bxc3 13. bxc3 Bb7 14.
Rb1 Be7 15. Qh5 c4 16. Bc2 Nc5 17. Kh1 Nd3 18. f5 O-O 19. f6 gxf6 20. exf6 Bxf6 21. Rxf6 Qe7 22. Rh6 f5 23. Bh4 Qg7 24. Nf3 Ra7 25. Rxe6 Bc8 26. Re8 Rf7 27. Rxf8+ Rxf8 28. Qg5 Qxg5 29.
Bxg5 Nf2+ 30. Kg1 Ne4 31. Bxe4 fxe4 32. Nd4 Kg7 33. Bf4 Bd7 34. g3 Rc8 35. Rb7 Rd8 36. Bg5 Re8 1-0

[Event "Betsys MČR v online bleskovém šachu 2021"]
[Site "Chess.com"]
[Date "2021.04.17"]
[Round "12"]
[White "Simago"]
[Black "Loveforever_Pepi"]
[Result "0-1"]
[WhiteElo "2101"]
[BlackElo "2278"]
[TimeControl "180+1"]
[EndTime "11:00:47 PDT"]
[Termination "Uživatel Loveforever_Pepi zvítězil na čas"]

1. e4 c5 2. Nf3 d6 3. d4 cxd4 4. Nxd4 Nf6 5. Nc3 g6 6. Be3 Bg7 7. f3 O-O 8. Bc4 Nc6 9. Bb3 Bd7 10. Qd2 Ne5 11. O-O-O Qa5 12. Kb1 Rfc8 13. h4 b5 14. g4 Nc4 15. Bxc4 bxc4 16. Nd5 Qxd2 17. Rxd2 Nxd5 18. exd5 c3 19. Rd3 cxb2 20. Rb3 Rc4 21. Rd1 Ba4 22. Rxb2 Rac8 23. Rd2 h6 24. Bf2 Kh7 25. Be3 Rc3 26. Bg1 Bxd4 27. Rxd4 Bxc2+ 28. Ka1 Bd3 0-1

[Event "Betsys MČR v online bleskovém šachu 2021"]
[Site "Chess.com"]
[Date "2021.04.17"]
[Round "12"]
[White "Saygram"]
[Black "conysek"]
[Result "0-1"]
[WhiteElo "2376"]
[BlackElo "2139"]
[TimeControl "180+1"]
[EndTime "11:00:48 PDT"]
[Termination "Uživatel conysek zvítězil po vzdání soupeře"]

1. e4 e5 2. f4 exf4 3. Nf3 g5 4. h4 g4 5. Ne5 h5 6. Bc4 Nh6 7. d4 d6 8. Nd3 Bg7 9. c3 Qe7 10. Bxf4 Qxe4+ 11. Kd2 Qxg2+ 12. Kc1 O-O 13. Nd2 Bf5 14. Rh2 Qc6 15. Nb4 Qd7 16. Nd5 c6 17. Bxh6 cxd5 18.
Bxg7 Kxg7 19. Bxd5 Nc6 20. Qf1 Bg6 21. b3 Rae8 22. Kb2 Re3 23. Re1 Rfe8 24. Rxe3 Rxe3 25. Nc4 Re7 26. Qf4 Qf5 27. Qxf5 Bxf5 28. Nxd6 Bg6 29. b4 Rd7 30. Bxc6 bxc6 31. Nc4 f6 32. Kc1 Be4 33. Re2 Bd3 34. Ne5 fxe5 35. Rxe5 Kg6 36.
Rg5+ Kh6 37. Kd2 Be4 38. Ke3 Bd5 39. a4 Re7+ 40. Kd3 Rg7 41. c4 Bf3 42. Rf5 Re7 43. b5 Be4+ 44. Kd2 Bxf5 0-1

[Event "Betsys MČR v online bleskovém šachu 2021"]
[Site "Chess.com"]
[Date "2021.04.17"]
[Round "12"]
[White "JaraLinhart"]
[Black "jachymcarostrelec4"]
[Result "0-1"]
[WhiteElo "1714"]
[BlackElo "1985"]
[TimeControl "180+1"]
[EndTime "11:00:48 PDT"]
[Termination "Uživatel jachymcarostrelec4 zvítězil na čas"]

1. e4 c6 2. d4 d5 3. e5 Bf5 4.
Nf3 e6 5. Be2 c5 6. c4 dxc4 7.
Bxc4 Nc6 8. Bb5 Bxb1 9. Bxc6+ bxc6 10. Rxb1 cxd4 11. Qxd4 Qxd4 12. Nxd4 Bb4+ 13. Bd2 Bxd2+ 14. Kxd2 Ne7 15. Rhc1 O-O-O 16. Ke3 Kb7 17. b4 Rd5 18. f4 Rhd8 19. Nb3 Kb6 20. a4 Nf5+ 21. Ke2 Nd4+ 22. Nxd4 Rxd4 23. b5 c5 24. a5+ Kxa5 25. Rxc5 Kb6 26.
Rc6+ Kb7 27. g3 Rd2+ 28. Kf3 Rxh2 29. Rbc1 Rd7 30. Rc8 Rb2 31. Rg8 g6 32. Rcc8 Rxb5 33. Rcf8 Rc5 34. Rg7 Rcc7 35. Rxh7 a5 36. Rh1 Kb6 37.
Ra1 Ra7 38. Kg4 a4 39. Ra3 Kb5 40. Rb8+ Rdb7 41. Rd8 Kb4 42. Ra1 a3 43. Kg5 a2 0-1

[Event "Betsys MČR v online bleskovém šachu 2021"]
[Site "Chess.com"]
[Date "2021.04.17"]
[Round "12"]
[White "patrikvagner"]
[Black "petiva3"]
[Result "0-1"]
[WhiteElo "1744"]
[BlackElo "1455"]
[TimeControl "180+1"]
[EndTime "11:00:48 PDT"]
[Termination "Uživatel petiva3 zvítězil matem"]

1. d4 Nf6 2. c4 e6 3. Nc3 c5 4.
Nf3 d5 5. cxd5 exd5 6. Bg5 cxd4 7. Qxd4 Be7 8. e3 O-O 9. Bd3 Nc6 10. Qh4 h6 11.
Bxf6 Bxf6 12. Qg3 Nb4 13. Bb1 Be6 14. O-O Rc8 15. a3 Nc6 16. Bd3 Be7 17. Rac1 Bd6 18. Qh4 Qxh4 19. Nxh4 Ne5 20. Be2 g5 21. Nf3 Nxf3+ 22.
Bxf3 d4 23. exd4 b6 24. d5 Bf5 25. Be4 Bxe4 26. Nxe4 Be5 27. b4 Rfd8 28. Rxc8 Rxc8 29. d6 Rd8 30. Rd1 f5 31. Ng3 Bxg3 32. hxg3 Kf7 33.
Kf1 Ke6 34. Ke2 Rxd6 35. Rxd6+ Kxd6 36. Kd3 Kd5 37. a4 a5 38. b5 h5 39. f4 gxf4 40.
gxf4 h4 41. Ke3 Kc4 42. Kf3 Kb4 43. g3 hxg3 44. Kxg3 Kxa4 45. Kh4 Kxb5 46. Kg5 a4 47. Kxf5 a3 48. Kg6 a2 49. f5 a1=Q 50. f6 Qe5 51.
f7 Qe6+ 52. Kg7 Qxf7+ 53. Kxf7 Kc4 54. Ke7 b5 55. Kd7 b4 56. Kc6 b3 57. Kd6 b2 58.
Ke6 b1=Q 59. Kf6 Qe4 60. Kf7 Kd5 61. Kg7 Qf3 62. Kg8 Ke6 63. Kh7 Qg3 64. Kh8 Kf6 65. Kh7 Qg7# 0-1

[Event "Betsys MČR v online bleskovém šachu 2021"]
[Site "Chess.com"]
[Date "2021.04.17"]
[Round "12"]
[White "krajic001"]
[Black "AlenaSouralova"]
[Result "0-1"]
[WhiteElo "1070"]
[BlackElo "939"]
[TimeControl "180+1"]
[EndTime "11:00:48 PDT"]
[Termination "Uživatel AlenaSouralova zvítězil na čas"]

1. e4 e5 2. Bc4 Bc5 3. Nf3 Nc6 4. b4 Bd4 5. c3 Bb6 6. d4 exd4 7. Ng5 Nh6 8. a4 dxc3 9. O-O d6 10. a5 Bd4 11.
Ra2 Nxb4 12. Qxd4 Nxa2 13. Qxg7 Rf8 14. Qxh6 c2 15. Bxa2 cxb1=Q 16. Bxb1 Bg4 17. Nxh7 Rg8 18. Nf6+ Ke7 19. Nxg8+ Qxg8 20. Bg5+ f6 21. Qxf6+ Kd7 22. e5 dxe5 23. Qxe5 Rd8 24. Qd4+ Kc8 25. Qxg4+ Kb8 26. Bf5 Qd5 27. Be3 Qxa5 28. Qf4 Qd5 29. Be4 Qd1 0-1

[Event "Betsys MČR v online bleskovém šachu 2021"]
[Site "Chess.com"]
[Date "2021.04.17"]
[Round "12"]
[White "DenryS"]
[Black "Vesselovsky52"]
[Result "1-0"]
[WhiteElo "2217"]
[BlackElo "2315"]
[TimeControl "180+1"]
[EndTime "11:00:50 PDT"]
[Termination "Uživatel DenryS zvítězil matem"]

1. d4 c5 2. dxc5 e6 3. Nf3 Bxc5 4. e3 Nf6 5. Bd3 d5 6. O-O O-O 7. Nbd2 Nc6 8. b3 e5 9. e4 Bg4 10. Bb2 Nd4 11. exd5 Qxd5 12. Bc4 Qd6 13. c3 Nxf3+ 14. Nxf3 Qc7 15. Be2 Rad8 16. Qc2 e4 17. Ng5 e3 18. c4 Rd7 19. Bxf6 g6 20. Bxg4 Rd2 21. Qe4 Rxf2 22. Bd4 Rxf1+ 23. Rxf1 e2 24. Bxe2 Qb6 25. Nf3 Rd8 26. Bxc5 Qxc5+ 27. Kh1 h6 28. Ne5 Re8 29.
Rxf7 Qxe5 30. Qxg6+ Kh8 31. Qh7# 1-0

[Event "Betsys MČR v online bleskovém šachu 2021"]
[Site "Chess.com"]
[Date "2021.04.17"]
[Round "12"]
[White "Pantata007"]
[Black "TCTCGTGCTATG"]
[Result "0-1"]
[WhiteElo "2225"]
[BlackElo "1940"]
[TimeControl "180+1"]
[EndTime "11:00:50 PDT"]
[Termination "Uživatel TCTCGTGCTATG zvítězil na čas"]

1. d4 Nf6 2. c4 c5 3. d5 g6 4. Nc3 d6 5. e4 Bg7 6. Nf3 O-O 7.
Be2 Nbd7 8. O-O a6 9. h3 Rb8 10. a4 Ne8 11. a5 Ne5 12. Bf4 Nxf3+ 13. Bxf3 f5 14. Bh2 Kh8 15. Re1 e6 16. dxe6 Bxe6 17.
exf5 Bxf5 18. Qd2 b5 19. cxb5 axb5 20. a6 Bxh3 21. a7 Ra8 22. Bxa8 Qxa8 23. gxh3 Nc7 24. Qxd6 Qf3 25. Bg3 Na8 26. Qxc5 h6 27. Qxb5 Bd4 28. Qf1 Qxg3+ 29. Qg2 Bxf2+ 30. Kh1 Bxe1 31. Qxg3 Bxg3 32. Nd5 Be5 33. Rb1 Rf7 34. b4 Rxa7 35. b5 Rb7 36.
b6 Bd4 37. Rb4 Bxb6 38. Nf4 Kg7 39. Ne6+ Kf6 40. Nd8 Rc7 0-1

[Event "Betsys MČR v online bleskovém šachu 2021"]
[Site "Chess.com"]
[Date "2021.04.17"]
[Round "12"]
[White "MrNikdo"]
[Black "Lisak007"]
[Result "1-0"]
[WhiteElo "2053"]
[BlackElo "1816"]
[TimeControl "180+1"]
[EndTime "11:00:50 PDT"]
[Termination "Uživatel MrNikdo zvítězil na čas"]

1. e4 c5 2. Nf3 Nc6 3. Nc3 g6 4.
d3 Bg7 5. Be3 d6 6. g3 Bg4 7.
Bg2 e5 8. h3 Be6 9. Qd2 Nge7 10. O-O O-O 11. Ng5 Bd7 12. f4 h6 13. Nf3 h5 14.
Kh2 Nd4 15. Ne2 Nxf3+ 16. Bxf3 Nc6 17. c3 h4 18. g4 f5 19. gxf5 gxf5 20. Rg1 Kh7 21.
Rg2 Qe7 22. Rag1 Rg8 23. Bh5 fxe4 24. Bg6+ Kh8 25. Bxe4 Bf6 26. fxe5 Nxe5 27. Nf4 Bc6 28. Nd5 Qe6 29. Qf2 Rgf8 30. Qf4 Be7 31. Qh6+ Qxh6 32. Bxh6 1-0

[Event "Betsys MČR v online bleskovém šachu 2021"]
[Site "Chess.com"]
[Date "2021.04.17"]
[Round "12"]
[White "jachym08"]
[Black "Lipican"]
[Result "0-1"]
[WhiteElo "2202"]
[BlackElo "2122"]
[TimeControl "180+1"]
[EndTime "11:00:51 PDT"]
[Termination "Uživatel Lipican zvítězil po vzdání soupeře"]

1. d4 Nf6 2. c4 g6 3. Nc3 Bg7 4. e4 d6 5. Nf3 O-O 6. Be2 Bg4 7.
Be3 Nfd7 8. O-O Nc6 9. d5 Bxf3 10. Bxf3 Na5 11. Qd3 Ne5 12. Qe2 Naxc4 13. Rac1 c5 14. dxc6 bxc6 15. b3 Nxe3 16. Qxe3 Nxf3+ 17. Qxf3 Qb6 18. Rfd1 Rfc8 19. g3 Qb4 20. Ne2 a5 21. Rc4 Qb6 22.
Rdc1 c5 23. Nf4 e6 24. Nd3 Bd4 25. h4 e5 26. h5 Kg7 27. h6+ Kxh6 28. Qxf7 Ra7 29.
Qe6 Kg7 30. Qxc8 Rf7 31. Kg2 a4 32. Rxa4 Qb5 33. Rac4 Ra7 34. Rh1 Qa5 35. Qh3 h5 36. Qe6 Qd2 37. Rxd4 cxd4 38. Nb4 Qxb4 39. Rc1 Rf7 40.
Rc2 d3 41. Rb2 Qd4 42. Rd2 Qc3 43. Rd1 d2 44. Qd5 Qf3+ 45. Kh3 Qxd1 0-1

[Event "Betsys MČR v online bleskovém šachu 2021"]
[Site "Chess.com"]
[Date "2021.04.17"]
[Round "12"]
[White "Mikkes33"]
[Black "DONSANMIGUEL"]
[Result "1-0"]
[WhiteElo "1616"]
[BlackElo "1772"]
[TimeControl "180+1"]
[EndTime "11:00:52 PDT"]
[Termination "Uživatel Mikkes33 zvítězil matem"]

1. e4 a6 2. Nf3 b5 3. d4 Bb7 4. Nbd2 Nf6 5. Bd3 c5 6. dxc5 e6 7.
a4 Bxc5 8. axb5 Qc7 9. bxa6 Nxa6 10.
O-O Ng4 11. h3 h5 12. c3 Qb6 13. Qe2 Nc7 14. Rxa8+ Bxa8 15. b4 Bd6 16. Nc4 Qc6 17.
Nxd6+ Qxd6 18. hxg4 hxg4 19. e5 gxf3 20. exd6 fxg2 21.
f3 Rh1+ 22. Kxg2 Rxf1 23. Kxf1 Nd5 24. Be4 Bc6 25. Qa6 f5 26. Bxd5 Bxd5 27. Qc8+ Kf7 28. Qxd7+ Kg6 29. Qe8+ Kh7 30. d7 Bc4+ 31. Kf2 Bb5 32.
Qh5+ Kg8 33. d8=Q+ Be8 34. Qdxe8# 1-0

[Event "Betsys MČR v online bleskovém šachu 2021"]
[Site "Chess.com"]
[Date "2021.04.17"]
[Round "12"]
[White "Tassa15"]
[Black "tondapesek"]
[Result "0-1"]
[WhiteElo "874"]
[BlackElo "1138"]
[TimeControl "180+1"]
[EndTime "11:00:52 PDT"]
[Termination "Uživatel tondapesek zvítězil po vzdání soupeře"]

1. d4 d6 2. Nf3 e6 3. Bf4 Nf6 4. e3 Nc6 5. h3 Be7 6. Bd3 Bd7 7. c3 O-O 8. O-O h6 9. Re1 d5 10. Nbd2 Bd6 11. Bxd6 cxd6 12. e4 dxe4 13. Nxe4 Nxe4 14. Bxe4 Qf6 15. Qb3 d5 16. Bd3 b6 17. Bb5 Qe7 18.
a4 Nb8 19. Bd3 Bc6 20. Qc2 Qd6 21. Ne5 Bd7 22. Bh7+ Kh8 23. Bd3 Nc6 24. Nxd7 Qxd7 25. Qd2 Ne7 26. b4 a6 27. a5 b5 28. Re2 g6 29.
Qf4 Kg7 30. Qe5+ Kh7 31. Re3 Nf5 32. Bxf5 gxf5 33. Qf6 Rg8 34. Rg3 Rxg3 35. fxg3 Rc8 36. Rc1 Rc7 37. Qh4 Qe7 38. Qf4 Rc8 39. g4 Qc7 40. Qf3 Kg6 41. gxf5+ exf5 42. Kf1 Qd6 43. Qe3 Kg7 44. Qf3 Kg6 45. Qe3 Qh2 46. Qe6+ fxe6 0-1

[Event "Betsys MČR v online bleskovém šachu 2021"]
[Site "Chess.com"]
[Date "2021.04.17"]
[Round "12"]
[White "NikolaKusova"]
[Black "keram91"]
[Result "1-0"]
[WhiteElo "980"]
[BlackElo "753"]
[TimeControl "180+1"]
[EndTime "11:00:53 PDT"]
[Termination "Uživatel NikolaKusova zvítězil matem"]

1. e4 e5 2. Nf3 f6 3. Nc3 a6 4. Bc4 Nc6 5. d3 Bb4 6. O-O b5 7. Bb3 g5 8. Be3 h6 9. a3 Bxc3 10. bxc3 d6 11. d4 g4 12. Nh4 exd4 13. cxd4 Qe7 14.
Ng6 Qxe4 15. Nxh8 g3 16. hxg3 h5 17. Bxg8 h4 18. gxh4 Qxh4 19. Bf7+ Kd8 20. Ng6 Qh7 21. Qf3 Bd7 22. Bd5 Qxg6 23. Bxc6 Rb8 24. Bxd7 Kxd7 25. g3 b4 26. axb4 Rxb4 27. Rab1 Rc4 28. Qd5 Rxc2 29.
Rbc1 Rxc1 30. Rxc1 c6 31. Qxc6+ Ke6 32. Bf4 Kf5 33.
Qc2+ Ke6 34. Qxg6 a5 35. Qe4+ Kd7 36. Qd5 Ke7 37. Qxd6+ Kf7 38. Rc7+ Kg6 39. Qe6 a4 40. Qg4# 1-0

[Event "Betsys MČR v online bleskovém šachu 2021"]
[Site "Chess.com"]
[Date "2021.04.17"]
[Round "12"]
[White "mysacek1414"]
[Black "FBingoPlayer"]
[Result "0-1"]
[WhiteElo "1921"]
[BlackElo "2185"]
[TimeControl "180+1"]
[EndTime "11:00:54 PDT"]
[Termination "Uživatel FBingoPlayer zvítězil na čas"]

1. e4 e5 2. Nf3 Nc6 3. Nc3 Nf6 4. d4 exd4 5. Nxd4 Bb4 6. Nxc6 bxc6 7. Bd3 O-O 8. O-O d6 9. h3 h6 10. Bd2 a5 11. Qf3 Qe7 12. Rfe1 Re8 13. Rad1 Nd7 14.
Qg3 Kh8 15. f4 Bb7 16. a3 Bc5+ 17. Kh1 Rg8 18. Ne2 Rae8 19. Bc3 a4 20. Ng1 Bb6 21.
Nf3 Nc5 22. Nh4 Bc8 23. Nf3 Nxd3 24. cxd3 f6 25. Nh4 Qf7 26. Ng6+ Kh7 27. f5 d5 28. Qf3 Bc5 29. Qg4 d4 30. Bd2 Bd6 31. Nf4 Ba6 32. Bc1 c5 33. Ne6 Rb8 34. Qh4 Rb3 0-1